 Dungeon Crawl Stone Soup version 0.19-a0-1384-gbb462ca (console) character file.

107 flowsnake the Slasher (level 4, 0/36 HPs)
             Began as a Centaur Gladiator on Sept 3, 2016.
             Was an Initiate of Kikubaaqudgha.
             Slain by an orc
             ... wielding a +0 trident
              (4 damage)
             ... on level 3 of the Dungeon.
             The game lasted 00:08:36 (2880 turns).

flowsnake the Slasher (Centaur Gladiator)           Turns: 2880, Time: 00:08:36

Health: 0/36       AC:  5    Str: 17    XL:     4   Next: 56%
Magic:  4/4        EV:  9    Int: 13    God:    Kikubaaqudgha [......]
Gold:   88         SH:  0    Dex: 10    Spells: 0 memorised, 3 levels left

rFire  . . .     SeeInvis .     a - +0 long sword
rCold  . . .     Gourm    .     b - +0 leather armour
rNeg   . . .     Faith    .     (no shield)
rPois  .         Spirit   .     j - +0 helmet
rElec  .         Dismiss  .     (no cloak)
rCorr  .         Reflect  .     (no gloves)
MR     .....     Harm     .     (no barding)
Stlth  ..........               (no amulet)
                                (no ring)
                                m - +5 ring of intelligence

@: very quick
A: hooves 3, deformed body, speed 2, tough skin 3
a: Renounce Religion


You were on level 3 of the Dungeon.
You worshipped Kikubaaqudgha.
Kikubaaqudgha was noncommittal.
You were hungry.

You visited 1 branch of the dungeon, and saw 3 of its levels.

You collected 88 gold pieces.

Inventory:

Hand Weapons
 a - a +0 long sword (weapon)
Missiles
 d - 3 throwing nets
 h - 3 tomahawks (quivered)
Armour
 b - a +0 leather armour (worn)
 j - a +0 helmet (worn)
Jewellery
 m - a +5 ring of intelligence (left hand)
Scrolls
 k - a scroll of recharging
 o - a scroll of remove curse {unknown}
Potions
 e - a potion of agility {unknown}
 l - 2 potions of mutation {unknown}
Comestibles
 c - 2 fruits
 f - a bread ration
 g - 5 chunks of flesh
 i - 2 meat rations
 n - a slice of pizza


   Skills:
 - Level 2.0 Fighting
 + Level 4.9 Long Blades
 - Level 2.1 Throwing
 - Level 2.1 Dodging


You had 3 spell levels left.
You didn't know any spells.

Dungeon Overview and Level Annotations

Branches:
Dungeon (3/15)

Altars:
Kikubaaqudgha
Xom

Annotations:
D:3 Natasha


Innate Abilities, Weirdness & Mutations

You have hooves in place of feet.
Armour fits poorly on your strangely shaped body.
You cover ground very quickly.
You have extremely tough skin. (AC +3)


Message History

The orc barely misses you.
You barely miss the orc wizard.
The orc wizard is moderately wounded.
The orc wizard points at you and mumbles some strange words.
The puff of frost hits you!
* * * LOW HITPOINT WARNING * * *
The orc closely misses you.
You closely miss the orc wizard.
The orc wizard is moderately wounded.
The orc wizard hits you but does no damage.
The orc hits you from afar with a trident.
* * * LOW HITPOINT WARNING * * *
The orc wizard closely misses you.
You riposte.
You slash the orc wizard!
The orc wizard is severely wounded.
You hit the orc wizard but do no damage.
Your kick misses the orc wizard.
The orc wizard is severely wounded.
The orc hits you from afar with a trident.
You die...
Kikubaaqudgha rasps: "You have failed me!
Welcome... death!" · ·██·█ ·· ███ ····█ ··· ██·█ ███████

█··· ··· █<·███▲█
█·····█████·█ ··
█··h···█
█···········█████o█
█···██5····█
█········█·····coo█
·······█ ··████
█······█·█····)████
········ ····
█···█·██·····†·█
██····(█ ██···
█···█·████·····█
█·███·█ ···█
█···█·█·····"··█ █·
█·█ ··█
█···█····██··$····█
█ █· ··█ █···█████
█·······█ █·····<█
█████···█ █··[████
···█


█████ ████ You could see an orc wizard and 2 orcs.

Vanquished Creatures
  Terence (D:2)
  3 adders (D:2)
  An ooze (D:1)
  3 dart slugs
  An orc (D:3)
  3 bats
  A bat zombie (D:2)
  2 giant cockroaches
  10 goblins
  5 hobgoblins
  A ball python (D:1)
  5 kobolds
  2 rats
  2 rat zombies (D:2)
40 creatures vanquished.

Notes
Turn   | Place    | Note
-------+----------+-------------------------------------------
     0 | D:1      | flowsnake the Centaur Gladiator began the quest for the Orb.
     0 | D:1      | Reached XP level 1. HP: 17/17 MP: 1/1
   183 | D:1      | Reached skill level 3 in Long Blades
   206 | D:1      | Reached XP level 2. HP: 24/24 MP: 2/2
  1256 | D:2      | Reached XP level 3. HP: 22/29 MP: 3/3
  1472 | D:2      | Found a shimmering altar of Xom.
  1493 | D:2      | Reached skill level 4 in Long Blades
  1860 | D:2      | Noticed Terence
  1893 | D:2      | Killed Terence
  1893 | D:2      | Reached XP level 4. HP: 13/36 MP: 4/4
  2276 | D:2      | Found an ancient bone altar of Kikubaaqudgha.
  2284 | D:2      | Became a worshipper of Kikubaaqudgha
  2523 | D:3      | Noticed Natasha
  2880 | D:3      | Slain by an orc

Vault maps used:
D:1:      matt_arrival_grand_opening, hangedman_abyss_or_decor_stabs
D:2:      xom_teletrap_fun, lemuel_zombie_altar_kikubaaqudgha, uniq_terence
D:3:      nicolae_tso_swordbearing_angel, uniq_natasha

Skill      XL: |  1  2  3 |
---------------+----------+-----
Long Blades    | 3 4 |  4.9
Fighting       | |  2.0
Throwing       | |  2.1
Dodging        | |  2.1

Action                   |  1- 3 |  4- 6 || total
-------------------------+-------+-------++-------
Melee: Long sword        |    84 |    65 ||   149
       Kick              |    17 |    11 ||    28
  Use: Scroll            |     5 |     1 ||     6
  Eat: Chunk             |     2 |     2 ||     4
Armor: Leather armour    |    20 |    23 ||    43
Dodge: Dodged            |    36 |    22 ||    58
